FIQ, neutral male scurrid Tourist --------- -- |........ .| ...{....------------- ---------- ..{....| .(!...........(....------------ ------ [......?.........- .............................-------- ........................- ...................................` ..........!................- -...............................................................- -.......................................!.....................- -.......................................<................[..- --...........................................................-- --...............^............................)..........?....+-- -.........r................................................%..>(- -...........u............[.............?.......................%..- -.............................--------- ..........*......%...- -..............%....------------ --- ....- ....{....------------- |....... -------- FIQ the Rambler Experience level: 1 Strength: 9 Dexterity: 16 Constitution: 11 Intelligence: 13 Wisdom: 12 Charisma: 14 Health: 0(9) Energy: 2(2) Def: 0 Gold: 344 Moves: 53 Dungeon seed: BG0MAw1JM36MmOvx Game ID: FIQ_1498602956 Your Inventory: Coins $ - 344 gold pieces Weapons a - 46 uncursed +2 darts (in quiver) Armor e - a blessed +0 Hawaiian shirt (being worn) Comestibles b - 6 uncursed food rations c - an uncursed clove of garlic d - 3 uncursed eggs f - an uncursed orange g - an uncursed tin of spinach h - an uncursed lembas wafer Scrolls j - 4 uncursed scrolls of magic mapping Potions i - 2 uncursed potions of extra healing Wands m - an uncursed wand of secret door detection (0:15) Tools k - an uncursed expensive camera (0:79) l - an uncursed credit card n - an uncursed leash Spells and supernatural/magical abilities: Name Level Category Fail Memory W - pray for help -- divine ? -- Your skills at the end: Miscellaneous Skills wands [Basic] Weapon Skills dart [Basic] Spellcasting Skills Final Attributes: You were devoutly aligned. You had infravision. You were very stealthy. You are dead. Voluntary challenges: You went without food. You did not adorn yourself with jewelry or accessories. You did not cause conflict. You were not invisible. You did not have reflection. You were not displaced. You were an atheist. You never hit with a wielded weapon. You were a pacifist. You did not use tools. You did not use plumbed fixtures. You did not drink any magical draughts. You were illiterate. You never genocided any monsters. You never polymorphed an object. You never changed form. You used no wishes. You never split a pudding. You never wrote Elbereth's name. You never violated your personal moral code. Dungeon overview: The Dungeons of Doom: levels 1 to 13 Level 1 a long staircase Level 2 Level 3 a long staircase Level 4 a fountain Level 5 a sink Level 6 Level 7 Level 8 Level 9 Level 10 Level 11 Level 12 Level 13 <- You were here some fountains History has recorded: On T:1 you entered the Dungeons of Doom to retrieve the Amulet of Yendor! On T:25 you reached level 2 of The Dungeons of Doom. On T:28 you reached level 3 of The Dungeons of Doom. On T:30 you reached level 4 of The Dungeons of Doom. On T:32 you reached level 5 of The Dungeons of Doom. On T:34 you reached level 6 of The Dungeons of Doom. On T:37 you reached level 7 of The Dungeons of Doom. On T:39 you reached level 8 of The Dungeons of Doom. On T:41 you reached level 9 of The Dungeons of Doom. On T:43 you reached level 10 of The Dungeons of Doom. On T:47 you reached level 11 of The Dungeons of Doom. On T:49 you reached level 12 of The Dungeons of Doom. On T:52 you reached level 13 of The Dungeons of Doom. Score breakdown: Gold: 164 ( 16 points) Experience: 1 level ( 0 points) Exploration: 13 levels ( 360 points) Discoveries: 1 item ( 50 points) Variety of kills: 0 monsters ( 0 points) Major goal: (nothing yet) ( 0 points) Survival: died (score multiplied by 3) Total score: 1278 Latest messages: You start digging downward. You continue digging downward. You dig a pit in the floor. You continue digging downward. You dig a hole through the floor. You fall through... You start digging downward. You continue digging downward. You dig a pit in the floor. You continue digging downward. You dig a hole through the floor. You fall through... You start digging downward. You continue digging downward. You dig a pit in the floor. You continue digging downward. You dig a hole through the floor. You fall through... The tengu drinks a bubbly potion! The tengu seems more experienced. You start digging downward. You continue digging downward. You dig a pit in the floor. The horse kicks! The horse bites! The horse kicks! You die... Final status: Aloha FIQ the Tourist, killed by a horse... You died in The Dungeons of Doom on dungeon level 13 with 1278 points, and 344 pieces of gold, after 53 moves. You were level 1 with a maximum of 9 hit points when you died.